 Dungeon Crawl Stone Soup version 0.29.1-12-g30fa7ad0bf (webtiles) character file.

Game seed: 891344982965135622

273 FexLirch the Chopper (level 6, 0/53 HPs)
             Began as a Meteoran Abyssal Knight on Dec 24, 2022.
             Was a Priest of Lugonu.
             Killed from afar by Dowan (12 damage)
             ... with a shard of ice
             ... on level 4 of the Dungeon.
             The game lasted 00:07:42 (1326 turns).

FexLirch the Chopper (Meteoran Abyssal Knight)      Turns: 1326, Time: 00:07:43

Health: 0/53       AC: 17    Str: 16    XL:     6   Next: 78%
Magic:  9/10       EV:  7    Int: 12    God:    Lugonu [***...]
Gold:   159        SH:  0    Dex: 15    Spells: 4/5 levels left

rFire   . . .      SeeInvis .   a - +1 hand axe
rCold   . . .      Faith    .   (no shield)
rNeg    . . .      Spirit   .   l - +0 chain mail
rPois   .          Reflect  .   m - +0 helmet
rElec   .          Harm     .   e - +1 cloak
rCorr   +          Rampage  .   g - +0 pair of gloves
Will    .....                   (no boots)
Stlth   ..........              (no amulet)
HPRegen 0.17/turn               p - ring of resist corrosion
MPRegen 0.12/turn               u - +4 ring of protection

@: glowing
A: sense surroundings 1, otherworldly, glowing, explore regen
a: Renounce Religion, Depart the Abyss, Bend Space, Banish


You were on level 4 of the Dungeon.
You worshipped Lugonu.
Lugonu was most pleased with you.
You visited 1 branch of the dungeon, and saw 5 of its levels.
You visited the Abyss 1 time.

You collected 159 gold pieces.

Inventory:

Hand Weapons
 a - a +1 hand axe (weapon)
 o - a +0 sling
Armour
 b - a +0 leather armour
 e - a +1 cloak (worn)
 g - a +0 pair of gloves (worn)
 l - a +0 chain mail (worn)
 m - a +0 helmet (worn)
Jewellery
 p - a ring of resist corrosion (left hand)
 u - a +4 ring of protection (right hand)
Wands
 x - a wand of digging (5)
Scrolls
 d - 8 scrolls of identify
 i - a scroll of blinking {unknown}
 j - 2 scrolls of poison {unknown}
 t - a scroll of brand weapon {unknown}
 v - a scroll of noise {unknown}
 w - a scroll of enchant armour {unknown}
Potions
 c - 2 potions of berserk rage {unknown}
 f - 2 potions of flight {unknown}
 h - 2 potions of attraction {unknown}
 k - a potion of lignification {unknown}
 n - a potion of invisibility {unknown}
 q - 2 potions of curing
 r - a potion of brilliance {unknown}
 s - a potion of experience {unknown}
 z - a potion of degeneration {unknown}


   Skills:
 + Level 4.6 Fighting
 * Level 5.7 Axes
 - Level 2.4 Armour
 - Level 1.2 Dodging
 + Level 4.6 Invocations


You had 4 spell levels left.
You knew the following spells:

 Your Spells              Type           Power      Damage    Failure   Level
a - Apportation           Tloc           0%         N/A       99%         1

Your spell library contained the following spells:

 Spells                   Type           Power      Damage    Failure   Level
 Poisonous Vapours        Pois/Air       0%         N/A       100%        2
 Summon Guardian Golem    Hex/Summ       0%         N/A       100%        3
 Corpse Rot               Necr/Pois/Air  0%         N/A       100%        4
 Alistair's Intoxication  Tmut/Pois      0%         N/A       100%        5
 Orb of Destruction       Conj           0%         9d5       100%        7
 Spellforged Servitor     Conj/Summ      0%         N/A       100%        7


Dungeon Overview and Level Annotations

Branches:
Dungeon (5/15) Zot: 1641
 Temple: D:4-7

Altars:
Qazlal

Shops:
D:2 *::

Annotations:
D:4 Dowan, Edmund
Abyss:1 Duvessa


Innate Abilities, Weirdness & Mutations

You passively map a small area around you.
You are easily found by Zot.
You glow in the dark.
You regain HP and MP as you explore.


Message History

The floor.
Unknown command.
Unknown command.
Dowan mumbles some strange words.
Dowan blinks!
Dowan mumbles some strange words.
Dowan blinks!
Dowan casts a spell.
Dowan blinks!
Unknown command.
Unknown command.
Unknown command.
Okay, then.
Unknown command.
You hit Edmund.
Edmund is moderately wounded.
Edmund hits you with a +5 dire flail of holy wrath!
You barely miss Edmund.
Edmund is moderately wounded.
Edmund hits you but does no damage.
You barely miss Edmund.
Edmund is moderately wounded.
Edmund hits you with a +5 dire flail of holy wrath.
You hit Edmund but do no damage.
Edmund is moderately wounded.
Dowan says, "She won't be lost forever!"
Dowan casts a spell at you. The shard of ice hits you!!
* * * LOW HITPOINT WARNING * * *
Edmund barely misses you.
You hit Edmund but do no damage.
Edmund is moderately wounded.
You completely miss Dowan. Dowan hits you but does no damage.
Edmund hits you but does no damage.
Okay, then.
Unknown command.
Space bends violently around you!
You blink.
Dowan gestures at you while chanting. The shard of ice hits you!
You die...

#..##...####...###
#..##..## ..... .## *
###..##..## ##...# .... *
#.....##..#####..#* ...
##.....##.........## * ...
#......#########.(.#
**#.#####......# ##..#
...##.......# #..##
#.♣..PP.@.## #####...#
##....~.~P..######........
####
#P♣..~♣~~~.♣.##..####.....
##...#♣..~~~~~♣♣...e§.##
##....
##..#.....~~~~♣.P....@##
#.....
...###P...♣~♣♣~..P.#..#
*#.###.
...###.....~.P..♣#....#
*#.#* #.
.....###.♣..P..P.....##
*#.#* #.
.........†.........###
*#.# ##


You could see Edmund and Dowan (fast).

Vanquished Creatures
  Ijyb (D:4)
  An orc wizard (D:5)
  6 adders
  2 worms (D:2)
  A dart slug (D:5)
  5 orcs
  2 ball pythons
  4 bats
  3 endoplasms
  A giant cockroach (D:2)
  4 hobgoblins
  8 jackals
  3 quokkas
  4 frilled lizards
  5 goblins
  2 kobolds
  4 rats
56 creatures vanquished.

Notes
Turn   | Place    | Note
-------+----------+-------------------------------------------
     0 | Abyss:1  | FexLirch the Meteoran Abyssal Knight began the quest for
                  | the Orb.
     0 | Abyss:1  | Reached XP level 1. HP: 19/19 MP: 3/3
     1 | D:1      | Escaped the Abyss
    78 | D:1      | Reached XP level 2. HP: 17/26 MP: 4/4
   108 | D:2      | Reached skill level 3 in Axes
   124 | D:2      | Found Nouga's Book Boutique.
   252 | D:2      | Reached XP level 3. HP: 31/31 MP: 6/6
   337 | D:2      | Found Ukhlue's Assorted Antiques.
   366 | D:2      | Reached *** piety under Lugonu
   367 | D:2      | Reached XP level 4. HP: 33/40 MP: 7/7
   370 | D:2      | Found a stormy altar of Qazlal.
   528 | D:2      | Found Xouteray's Book Shoppe.
   610 | D:1      | Reached skill level 4 in Axes
   765 | D:3      | Learned a level 1 spell: Apportation
   793 | D:3      | Reached XP level 5. HP: 35/46 MP: 8/8
  1110 | D:5      | Entered Level 5 of the Dungeon
  1172 | D:4      | Noticed Ijyb
  1204 | D:4      | Killed Ijyb
  1205 | D:4      | Reached skill level 5 in Axes
  1205 | D:4      | Reached XP level 6. HP: 49/52 MP: 8/10
  1286 | D:4      | Noticed Duvessa
  1286 | D:4      | Noticed Dowan
  1287 | D:4      | Noticed Edmund
  1290 | D:4      | Banished Duvessa
  1326 | D:4      | Killed from afar by Dowan

Illustrated notes

Levels and vault maps discovered:
D:1:      minmay_arrival_glassed_features, layout_basic,
          shapermc_ecumenical_altar_petra
D:2:      layout_loops_ring, serial_shops, shop, shop_fountains,
          nicolae_shop_trees, basic_altar
D:3:      layout_basic, overflow_temple_1_default
D:4:      layout_layer_cave, serial_bayou, serial_bayou_crossing,
          serial_bayou_pond_a, serial_bayou_lagoon_a, serial_bayou_pond_e,
          uniq_ijyb, uniq_edmund, uniq_duvessa
D:5:      layout_basic, nicolae_tso_swordbearing_angel

Skill      XL: |  1  2  3  4  5 |
---------------+----------------+-----
Axes           | 3 4 5 |  5.7
Invocations    | 3 4 |  4.6
Fighting       | 4 |  4.6
Armour         | |  2.4
Dodging        | |  1.2

Action                   |  1- 3 |  4- 6 || total
-------------------------+-------+-------++-------
Melee: Hand axe          |    82 |   161 ||   243
       Punch             |     1 |       ||     1
Invok: Bend Space        |       |     2 ||     2
       Banish            |       |     2 ||     2
  Use: Scroll            |       |     1 ||     1
Armor: Leather armour    |    29 |       ||    29
       Chain mail        |     7 |   121 ||   128
Dodge: Dodged            |    31 |    49 ||    80
